 Dungeon Crawl Stone Soup version 0.29.0-4-gdea44cf6ec (webtiles) character file.

Game seed: 7319250975205864505

46 qw the Chopper (level 3, 0/21 HPs)
             Began as a Tengu Warper on Aug 28, 2022.
             Slain by a goblin
             ... wielding a +0 club
             ... led by Robin
              (3 damage)
             ... on level 2 of the Dungeon.
             The game lasted 00:00:08 (1479 turns).

qw the Chopper (Tengu Warper)                       Turns: 1479, Time: 00:00:08

Health: 0/21       AC:  6    Str: 13    XL:     3   Next: 68%
Magic:  7/7        EV:  9    Int: 13    God:
Gold:   65         SH:  0    Dex: 13    Spells: 6/6 levels left

rFire   . . .      SeeInvis .   Y - +0 hand axe
rCold   . . .      Faith    .   (no shield)
rNeg    . . .      Spirit   .   j - +0 scale mail
rPois   .          Reflect  .   (helmet restricted)
rElec   .          Harm     .   (no cloak)
rCorr   .          Rampage  .   (no gloves)
Will    .....                   (boots unavailable)
Stlth   ..........              (no amulet)
HPRegen 0.07/turn               (no ring)
MPRegen 0.10/turn               (no ring)

@: no status effects
A: beak, talons 3
a: no special abilities


You were on level 2 of the Dungeon.
You visited 1 branch of the dungeon, and saw 2 of its levels.

You collected 65 gold pieces.


Innate Abilities, Weirdness & Mutations

You have a beak for a mouth.
You have claws for feet.


   Skills:
 - Level 2.0 Fighting
 + Level 4.3 Axes
 - Level 1.0 Throwing
 - Level 1.1 Armour
 - Level 2.1 Dodging
 - Level 2.0 Spellcasting
 - Level 2.4 Translocations


You had 6 spell levels left.
You didn't know any spells.
Your spell library contained the following spells:

 Spells                   Type           Power      Damage    Failure   Level
 Blink                    Tloc           14%        N/A       56%         2
 Gell's Gravitas          Tloc           7%         N/A       80%         3
 Lesser Beckoning         Tloc           7%         N/A       80%         3
 Teleport Other           Tloc           7%         N/A       80%         3
 Manifold Assault         Tloc           7%         N/A       100%        5

Inventory:

Hand Weapons
 d - a +0 mace
 Y - a +0 hand axe (weapon)
Armour
 j - a +0 scale mail (worn)
Scrolls
 a - a scroll of identify
Potions
 k - a potion of flight {unknown}

Dungeon Overview and Level Annotations

Branches:
Dungeon (2/15)

Altars:

Shops:
D:1 !

Annotations:
D:2 Jessica


Message History

You kill the hobgoblin!
You closely miss the hobgoblin.
The goblin no longer looks unusually strong.
The hobgoblin hits you.
Jessica the Apprentice Sorceress comes into view.
She is wielding a +0 dagger of venom, wearing a +1 robe of willpower and carrying a wand of digging (7).
1470 ||| Stepping ~*~*~tactically~*~*~ (stealth).
You hit the hobgoblin.
The hobgoblin is severely wounded.
You hit the hobgoblin. You peck the hobgoblin.
You kill the hobgoblin!
You hit the goblin. The goblin hits you with a +0 club.
You closely miss the goblin.
The goblin is severely wounded.
You hit the hobgoblin.
The goblin no longer looks unusually strong.
The hobgoblin barely misses you. The goblin hits you with a +0 club.
You hit the hobgoblin.
You claw the hobgoblin, but do no damage.
The hobgoblin is almost dead.
You closely miss the goblin. The hobgoblin hits you.
The goblin hits you with a +0 club.
You hit the hobgoblin.
You kill the hobgoblin!
You miss the goblin. The goblin hits you but does no damage.
You barely miss the goblin.
The goblin is severely wounded.
You closely miss the goblin. The goblin hits you with a +0 dagger.
The goblin hits you but does no damage.
You hit the goblin.
You kill the goblin!
You closely miss the goblin. You barely miss the goblin. You claw the goblin.
You kill the goblin!
You completely miss the goblin. The goblin closely misses you.
You closely miss the goblin. You barely miss the goblin.
The goblin hits you but does no damage. The goblin hits you with a +0 club.
You die...

#..(...# # #...<..# #
..... ######......###
@... #.............#
...#####.####......#.#
gg.#.................
#.g#)##.#####.#.#...#
.####gg#.##.# #)#...#.#
......)#@##.# #.#.###.#
......ggg##.# #.......#
.#####.#.##.#####.......#
.....##.#............
###.#.................
#.#..#...###........
#.#..#.. ####.....
#.##... #..... #. ..
#.....


You could see a hobgoblin and 2 goblins.

Vanquished Creatures
  Robin (D:2)
  3 endoplasms
  3 giant cockroaches (D:1)
  3 goblins (D:2)
  6 hobgoblins
  2 quokkas (D:1)
  A ball python (D:1)
  2 bats (D:1)
  3 frilled lizards
  4 kobolds
  7 rats (D:1)
35 creatures vanquished.

Notes
Turn   | Place    | Note
-------+----------+-------------------------------------------
     0 | D:1      | qw the Tengu Warper began the quest for the Orb.
     0 | D:1      | Reached XP level 1. HP: 12/12 MP: 4/4
     0 | D:1      | 0 ||| qw: Version: 0.1-a-89-g26bdef1
     0 | D:1      | 0 ||| qw: Game counter: 1824
     0 | D:1      | 0 ||| qw: Always use a shield: true
     0 | D:1      | 0 ||| qw: God list: Okawaru
     0 | D:1      | 0 ||| qw: Allow faded altars: false
     0 | D:1      | 0 ||| qw: Do Orc after D:15 true
     0 | D:1      | 0 ||| qw: Do second Lair branch before Depths: true
     0 | D:1      | 0 ||| qw: Lair rune preference: random
     0 | D:1      | 0 ||| qw: Plans: Normal
     0 | D:1      | 0 ||| PLANNING D:1-11
    30 | D:1      | 30 ||| Stepping ~*~*~tactically~*~*~ (stealth).
   164 | D:1      | Reached skill level 3 in Axes
   164 | D:1      | Reached XP level 2. HP: 17/17 MP: 6/6
   427 | D:1      | Found Eguajete's Distillery.
   432 | D:1      | 432 ||| SHOPLISTING potion of cancellation (112 gold, have
                  | 38).
   432 | D:1      | 432 ||| SHOPLISTING potion of curing (42 gold, have 38).
   432 | D:1      | 432 ||| SHOPLISTING potion of haste (140 gold, have 38).
   432 | D:1      | 432 ||| SHOPLISTING potion of heal wounds (70 gold, have
                  | 38).
   432 | D:1      | 432 ||| SHOPLISTING potion of resistance (140 gold, have
                  | 38).
   746 | D:1      | 746 ||| Stepping ~*~*~tactically~*~*~ (stealth).
   895 | D:1      | 895 ||| UPGRADING to +0 scale mail.
   905 | D:1      | 905 ||| DROPPING +0 leather armour.
   906 | D:1      | 906 ||| READING 2 scrolls labelled ZACUIB CISKAITZ.
   907 | D:1      | 907 ||| READING scroll labelled OTOCSUCWA.
   908 | D:1      | 908 ||| READING scroll labelled IDOATR JISS.
   909 | D:1      | 909 ||| READING 2 scrolls labelled GENLOI HUTH.
   910 | D:1      | 910 ||| READING scroll labelled NYHEUS TUACO.
   911 | D:1      | 911 ||| DROPPING scroll of blinking.
   912 | D:1      | 912 ||| DROPPING scroll of fear.
   913 | D:1      | 913 ||| Stepping randomly (stuck).
   914 | D:1      | 914 ||| Stepping ~*~*~tactically~*~*~ (cloud).
   919 | D:1      | HP: 4/17 [poisoned by you (poison gas)]
  1258 | D:2      | Reached XP level 3. HP: 15/21 MP: 7/7
  1397 | D:2      | 1397 ||| Stepping ~*~*~tactically~*~*~ (stealth).
  1398 | D:2      | 1398 ||| Stepping ~*~*~tactically~*~*~ (stealth).
  1427 | D:2      | Identified the +5 dagger of Ocrux {drain, rElec rC+++ rCorr
                  | MP-9}
  1453 | D:2      | 1453 ||| Stepping ~*~*~tactically~*~*~ (stealth).
  1454 | D:2      | Noticed Robin
  1455 | D:2      | 1455 ||| Stepping ~*~*~tactically~*~*~ (hiding).
  1466 | D:2      | Killed Robin
  1467 | D:2      | Reached skill level 4 in Axes
  1469 | D:2      | Noticed Jessica
  1470 | D:2      | 1470 ||| Stepping ~*~*~tactically~*~*~ (stealth).
  1474 | D:2      | HP: 5/21 [goblin/+0 club[Robin] (2)]
  1479 | D:2      | Slain by a goblin

Levels and vault maps discovered:
D:1:      wander_arrival_lonely_grave, layout_loops_cross, serial_shops,
          nicolae_shop_hallway_stairs, minmay_misc_feat_tiny
D:2:      layout_basic, dreamdust_ecumenical_altar_sealed_demon,
          minmay_misc_feat_x, grunt_decor_cap, uniq_jessica, uniq_robin

Skill      XL: |  1  2  3 |
---------------+----------+-----
Axes           | 3 4 |  4.3
Fighting       | |  2.0
Throwing       | |  1.0
Armour         | |  1.1
Dodging        | |  2.1
Spellcasting   | |  2.0
Translocations | |  2.4

Action                   || total
-------------------------++-------
Melee: Hand axe          ||    68
       Kick              ||    11
       Peck              ||     9
Throw: Boomerang         ||     7
  Use: Scroll            ||     5
Armor: Leather armour    ||    10
       Scale mail        ||     8
Dodge: Dodged            ||    29

Table legend:
 A = Non-vault XP
 B = Vault XP
 C = Vault XP percentage of total XP
 D = Non-vault monster count
 E = Vault monster count
 F = Vault count percentage of total count
                 A         B        C        D         E       F
            +---------+---------+-------+---------+---------+-------
      Total |      40 |      27 |  40.3 |      28 |       7 |  20.0
            +---------+---------+-------+---------+---------+-------
        D:1 |      33 |       0 |   0.0 |      24 |       0 |   0.0
        D:2 |       7 |      27 |  79.4 |       4 |       7 |  63.6
            +---------+---------+-------+---------+---------+-------
